Cogmind - Beta 17 @@@ ROGUE MODE // 2026.08.21 @ 19:34:08 Player: NeoBioHazard Result: Destroyed by Y-54 Guardian with Gatling Laser Performance ------------- Evolutions (0) 0 Regions Visited (4) 800 Robots Destroyed (25) 125 Value Destroyed (488) 488 Prototype IDs (1) 20 Alien Tech Used (0) 0 Bonus (0) 0 TOTAL SCORE: 1433 Bonus ------- None Cogmind --------- Core Integrity 0/250 Matter 271/300 Energy 125/125 System Corruption 0% Temperature Cool (18) Movement Treading (160) Location -7/Recycling Parts ------- > --- POWER (1) -------- Light Ion Engine > --- PROPULSION (2) --- Light Treads Improved Treads > --- UTILITY (2) ------ Large Storage Unit Targeting Computer > --- WEAPON (2) ------- Light Cannon Light Cannon > --- INVENTORY (15) --- Improved Treads Small Storage Unit Compact Matter Pod (150) Compact Matter Pod (150) Compact Matter Pod (150) Light Assault Rifle Light Assault Rifle Light Assault Rifle Light Assault Rifle Grenade Launcher Rocket Launcher Peak State ------------ > --- POWER ------------ Ion Engine > --- PROPULSION ------- Improved Treads Improved Treads > --- UTILITY ---------- Small Storage Unit > --- WEAPON ----------- Improved Medium Laser Assault Rifle > --- INVENTORY -------- Light Ion Engine Light Treads Light Treads Improved Treads Improved Treads Assault Rifle Light Assault Rifle Grenade Launcher [Rating: 11] Favorites ----------- Power Ion Engine Engine Ion Engine Propulsion Improved Treads Treads Improved Treads Utility Large Storage Unit Storage Large Storage Unit Processor Targeting Computer Weapon Assault Rifle Energy Gun Improved Medium Laser Ballistic Gun Assault Rifle Ballistic Cannon Light Cannon Build | -11 -10 -10 -10 -7 ------- Run | Yrd Mat Min Sub Rec Slots Evolved . | . . . . . Power . | . . . . . Propulsion . | . . . . . Utility . | . . . . . Weapon . | . . . . . Parts Attached 18 | 7 6 . . 5 Power 3 | 1 1 . . 1 Engine 3 | 1 1 . . 1 Core . | . . . . . Reactor . | . . . . . Propulsion 6 | 2 2 . . 2 Treads 6 | 2 2 . . 2 Leg . | . . . . . Wheel . | . . . . . Hover . | . . . . . Flight . | . . . . . Utility 3 | 1 2 . . . Device . | . . . . . Storage 2 | 1 1 . . . Processor 1 | . 1 . . . Hackware . | . . . . . Protection . | . . . . . Artifact . | . . . . . Weapon 6 | 3 1 . . 2 Energy Gun 1 | . 1 . . . Energy Cannon . | . . . . . Ballistic Gun 3 | 3 . . . . Ballistic Cannon 2 | . . . . 2 Launcher . | . . . . . Special Weapon . | . . . . . Impact Weapon . | . . . . . Slashing Weapon . | . . . . . Piercing Weapon . | . . . . . Special Melee Weapon . | . . . . . Unidentified Prototypes 1 | . 1 . . . Parts Lost 5 | . . . . 5 Power 1 | . . . . 1 Propulsion 2 | . . . . 2 Utility . | . . . . . Weapon 2 | . . . . 2 Highest Loss Streak 5 | . . . . 5 To Critical Strikes . | . . . . . Average Backups 10 | 1 6 14 15 12 Power . | . 1 1 1 . Propulsion 1 | . 1 2 2 1 Utility 2 | . . 4 4 4 Weapon 5 | . 3 7 8 6 Tool/Special . | . . . . . Unused Backups 10 | . . . . 10 Power . | . . . . . Propulsion 1 | . . . . 1 Utility 3 | . . . . 3 Weapon 6 | . . . . 6 Tool/Special . | . . . . . Average Slot Usage (%) 92 | . 88 100 100 85 Engine 13 | . 14 14 14 8 Treads 26 | . 28 28 28 20 Storage 14 | . 14 14 14 14 Processor 8 | . 2 14 14 14 Ballistic Gun 25 | . 28 28 28 8 Ballistic Cannon 2 | . . . . 20 Peak Build Rating 11 | 6 11 11 11 11 Average Rating 8 | 4 8 10 11 8 On Entrance 7 | . 6 10 11 11 Avg Prop Armor Cover (%) . | . . . . . Naked Turns . | . . . . . Heaviest Build 29 | 14 29 29 29 29 Greatest Support 46 | 40 46 46 46 46 Greatest Overweight (x) 8 | . . . . 8 Average Overweight (x) . | . . . . . Largest Inventory Capacity 15 | 8 15 15 15 15 Average Capacity 12 | 6 9 15 15 15 Most Carried 15 | 2 13 15 15 15 Average Carried 10 | 1 6 14 15 12 Final Capacity 15 | 8 15 15 15 15 Final Carried 15 | 2 13 15 15 11 Class Distribution -------------------- 100% | Mutant Dominant Class ---------------- Mutant | -10/Materials Mutant | -10/Mines Mutant | -10/Subcaves Mutant | -7/Recycling Resources | -11 -10 -10 -10 -7 ----------- Run | Yrd Mat Min Sub Rec Matter Collected 1464 | 233 336 741 42 112 Remotely . | . . . . . Salvage Created 743 | . 416 71 107 149 Parts 50 | . 26 7 11 6 Haulers Intercepted 1 | . 1 . . . Recyclers Shooed 2 | . 2 . . . Parts Field Recycled . | . . . . . Retrieved Matter . | . . . . . Parts Self-Destructed 20 | . . . 20 . Prevented . | . . . . . Parts Restored . | . . . . . Kills | -11 -10 -10 -10 -7 ------- Run | Yrd Mat Min Sub Rec Combat Hostiles Destroyed 20 | . 10 3 5 2 Guns 19 | . 10 3 5 1 Cannons 1 | . . . . 1 Classes Destroyed 8 | . 5 1 1 1 Tunneler 1 | . . 1 . . Hauler 1 | . 1 . . . Recycler 2 | . 1 . . 1 Watcher 1 | . 1 . . . Swarmer 12 | . 5 3 4 . Grunt 5 | . 5 . . . Sentry 2 | . . . . 2 Subdweller 1 | . . . 1 . Best Kill Streak 4 | . 3 3 4 2 Combat Bots Only 4 | . 3 3 4 1 Max Kills in Single Turn 1 | . 1 1 1 1 Gunslinging . | . . . . . Exploded . | . . . . . Melee . | . . . . . Uniques/NPCs Destroyed . | . . . . . Combat | -11 -10 -10 -10 -7 -------- Run | Yrd Mat Min Sub Rec Hostile Shots Fired 197 | . 40 9 10 138 Missed 61 | . 12 5 4 40 Hits 136 | . 28 4 6 98 Projectile 136 | . 28 4 6 98 Damage Taken 1117 | . 282 38 66 731 Core 258 | . 33 18 . 207 Absorbed by Shields . | . . . . . Core Remaining (%) 100 | 100 . . . . Volleys Fired 70 | . 39 6 7 18 Largest 2 | . 2 2 2 2 Hottest 60 | . 40 40 40 60 Shots Fired 137 | . 78 12 14 33 Gun 120 | . 78 12 14 16 Cannon 17 | . . . . 17 Launcher . | . . . . . Special . | . . . . . Kinetic 137 | . 78 12 14 33 Thermal . | . . . . . Explosive . | . . . . . Electromagnetic . | . . . . . Robot Hit Streak 15 | . 9 6 9 15 Robot Miss Streak 3 | . 3 1 1 1 Penetration Max . | . . . . . Secondary Targets 5 | . 2 . 2 1 Max Gunslinging Chain 1 | . 1 . 1 1 Shots Hit Robots 96 | . 47 9 10 30 Core Hits 38 | . 20 4 5 9 Critical Kills . | . . . . . Critical Parts Destroyed 1 | . . . 1 . Critical Strikes 1 | . . . 1 . Destroy 1 | . . . 1 . Melee Attacks . | . . . . . Impact . | . . . . . Slashing . | . . . . . Piercing . | . . . . . Sneak Attacks . | . . . . . Combat Hostiles . | . . . . . Follow-up Attacks . | . . . . . Damage Inflicted 1345 | . 599 120 134 492 Guns 1059 | . 599 120 134 206 Cannons 286 | . . . . 286 Explosions . | . . . . . Melee . | . . . . . Ramming . | . . . . . Kinetic 1345 | . 599 120 134 492 Thermal . | . . . . . Explosive . | . . . . . Electromagnetic . | . . . . . Impact . | . . . . . Slashing . | . . . . . Piercing . | . . . . . Highest Corruption . | . . . . . Average Corruption . | . . . . . Corruption Purged . | . . . . . Corruption Blocked . | . . . . . Overload Shots . | . . . . . Overflow Damage . | . . . . . Projectiles . | . . . . . Explosions . | . . . . . Melee . | . . . . . Knockbacks 1 | . . . . 1 Impact . | . . . . . Kinetic 1 | . . . . 1 Secondary . | . . . . . Self-Inflicted Damage . | . . . . . Shots . | . . . . . Rammed . | . . . . . Targets Rammed . | . . . . . Kicked . | . . . . . Crushed . | . . . . . Highest Temperature 13 | . 2 . . 13 Average Temperature 6 | . 2 . . 7 Received Heat Transfer 294 | . 84 . . 210 Siege Activations . | . . . . . Martial Activations . | . . . . . Shielding Activations . | . . . . . Robots Disrupted . | . . . . . Combat Hostiles . | . . . . . Robots Corrupted . | . . . . . Combat Hostiles . | . . . . . Parts Fried . | . . . . . Impact Corruptions . | . . . . . Robots Melted . | . . . . . Combat Hostiles . | . . . . . Parts Melted . | . . . . . Heat Transferred . | . . . . . Parts Sabotaged . | . . . . . Parts Stolen . | . . . . . Parts Stripped . | . . . . . Power Chain Reactions . | . . . . . Alert | -11 -10 -10 -10 -7 ------- Run | Yrd Mat Min Sub Rec Maximum Alert Level . | . . . . . Low Security (%) 100 | 100 100 100 . 100 Level 1 . | . . . . . Level 2 . | . . . . . Level 3 . | . . . . . Level 4 . | . . . . . Level 5 . | . . . . . High Security . | . . . . . Max Security . | . . . . . Peak Influence 75 | . 75 60 . 61 Initial 48 | . . . . 48 Average 21 | . 24 22 . 16 Influence Increases 567 | . 294 75 140 58 Destroy 0b10 Robot/C 380 | . 200 60 80 40 Destroy 0b10 Robot/NC 25 | . 15 5 . 5 Destroy Leader 44 | . 34 10 . . Successful Hack 25 | . 12 . . 13 Destroy Structure 3 | . 3 . . . Lose Combat Pursuer 90 | . 30 . 60 . Influence Decreases 567 | . 294 75 40 158 Entered New Map 52 | . . . . 52 Time Decay 416 | . 245 75 40 56 Lost Part 50 | . . . . 50 Purge Threat 49 | . 49 . . . Squads Dispatched 1 | . 1 . . . Investigation . | . . . . . Extermination . | . . . . . Reinforcement 1 | . 1 . . . Assault . | . . . . . Garrison . | . . . . . Intercept . | . . . . . Searches Triggered . | . . . . . Construction Impeded . | . . . . . Haulers Reinforced . | . . . . . Active Scanning Responses . | . . . . . Cargo Convoy Interrupts . | . . . . . Stealth | -11 -10 -10 -10 -7 --------- Run | Yrd Mat Min Sub Rec Distress Signals . | . . . . . Communications Jammed . | . . . . . Distress Signals . | . . . . . Times Spotted 31 | . 19 3 6 3 Peak Tracking Total 3 | . 3 3 3 2 Tactical Retreats 5 | . 2 . 3 . Traps | -11 -10 -10 -10 -7 ------- Run | Yrd Mat Min Sub Rec Traps Triggered . | . . . . . Indirectly . | . . . . . Trap Hack Attempts . | . . . . . Triggered . | . . . . . Disarmed . | . . . . . Reprogrammed . | . . . . . Reused . | . . . . . Traps Extracted . | . . . . . Installed . | . . . . . Triggered . | . . . . . Machines | -11 -10 -10 -10 -7 ---------- Run | Yrd Mat Min Sub Rec Machines Disabled . | . . . . . Max in Single Turn . | . . . . . Machines Repaired . | . . . . . Machines Dismantled . | . . . . . Machines Sabotaged . | . . . . . Overloaded Fab Kills . | . . . . . Hacking | -11 -10 -10 -10 -7 --------- Run | Yrd Mat Min Sub Rec Machines Accessed 3 | . 2 . . 1 Terminals 3 | . 2 . . 1 Fabricators . | . . . . . Repair Stations . | . . . . . Recycling Units . | . . . . . Scanalyzers . | . . . . . Garrison Access . | . . . . . Total Hacks 14 | . 10 . . 4 Successful 7 | . 5 . . 2 Failed 7 | . 5 . . 2 Catastrophic 4 | . 3 . . 1 Database Lockouts . | . . . . . Manual 14 | . 10 . . 4 Terminals 14 | . 10 . . 4 Fabricators . | . . . . . Repair Stations . | . . . . . Recycling Units . | . . . . . Scanalyzers . | . . . . . Garrison Access . | . . . . . Terminal Hacks 7 | . 5 . . 2 Robot Analysis 3 | . 2 . . 1 Unreport Threat 1 | . 1 . . . Locate Traps 1 | . 1 . . . Zone Layout 2 | . 1 . . 1 Fabricator Hacks . | . . . . . Repair Station Hacks . | . . . . . Recycling Unit Hacks . | . . . . . Scanalyzer . | . . . . . Garrison Access Hacks . | . . . . . Unauthorized Hacks . | . . . . . Terminals . | . . . . . Fabricators . | . . . . . Repair Stations . | . . . . . Recycling Units . | . . . . . Scanalyzers . | . . . . . Garrison Access . | . . . . . Data Cores Recovered . | . . . . . Used . | . . . . . Hacking Detections 3 | . 2 . . 1 Full Trace Events 1 | . . . . 1 Feedback Events . | . . . . . Feedback Blocked . | . . . . . Robot Schematics Acquired . | . . . . . Robots Built . | . . . . . Authchips . | . . . . . Time . | . . . . . Total Robot Build Rating . | . . . . . Part Schematics Acquired . | . . . . . Parts Built . | . . . . . Authchips . | . . . . . Time . | . . . . . Total Part Build Rating . | . . . . . Part Studies Acquired . | . . . . . Parts Repaired . | . . . . . Time . | . . . . . Parts Recycled . | . . . . . Recycled Matter . | . . . . . Retrieved Matter . | . . . . . Retrieved Components . | . . . . . Parts Scanalyzed . | . . . . . Part Schematics Acquired . | . . . . . Parts Damaged . | . . . . . Bothacking | -11 -10 -10 -10 -7 ------------ Run | Yrd Mat Min Sub Rec Used RIF Installer . | . . . . . Robots Hacked . | . . . . . Non-combat . | . . . . . Combat . | . . . . . Robot Hacks Applied . | . . . . . Relay Couplers Released . | . . . . . Fabnet Peak Effective % . | . . . . . Robots Rewired . | . . . . . Allies Hacked . | . . . . . Hacks Repelled . | . . . . . Allies | -11 -10 -10 -10 -7 -------- Run | Yrd Mat Min Sub Rec Total Allies . | . . . . . Largest Group . | . . . . . Highest-Rated Group . | . . . . . Highest-Rated Ally . | . . . . . Total Orders . | . . . . . Ally Attacks . | . . . . . Total Damage . | . . . . . Kills . | . . . . . Allies Corrupted . | . . . . . Allies Melted . | . . . . . Intel | -11 -10 -10 -10 -7 ------- Run | Yrd Mat Min Sub Rec Active Infowar (turns) . | . . . . . Robot Analysis Total 3 | . 2 . . 1 Derelict Logs Recovered 1 | . . 1 . . Drone Launches . | . . . . . Drone Recoveries . | . . . . . Exploration | -11 -10 -10 -10 -7 ------------- Run | Yrd Mat Min Sub Rec Turns Passed 1656 | 60 828 212 352 204 Spaces Moved 808 | 34 394 119 190 71 Core 15 | 10 . . . 5 Treads 793 | 24 394 119 190 66 Legs . | . . . . . Wheels . | . . . . . Hover . | . . . . . Flight . | . . . . . Fastest Speed 50 | 50 160 160 160 160 Average Speed 161 | 127 160 160 160 195 Slowest Speed 450 | 160 160 160 160 450 Overloaded Moves . | . . . . . Propulsion Burnouts . | . . . . . Robots Hopped . | . . . . . Potential Cave-ins . | . . . . . Cave-ins Triggered . | . . . . . Exploration Rate (%) 24 | 3 70 21 11 18 Regions Visited 4 Branch Regions 3 Pre-discovered Areas . | . . . . . Known Exits Taken . | . . . . . Unknown Exits Taken 4 | 1 1 1 1 . Scrap Searched . | . . . . . Spaces Dug . | . . . . . Terrain Destroyed . | . . . . . Melee . | . . . . . Projectile . | . . . . . AOE . | . . . . . Terrain Rammed . | . . . . . Walls Destroyed . | . . . . . Machines Disabled . | . . . . . Actions | -11 -10 -10 -10 -7 --------- Run | Yrd Mat Min Sub Rec Total 1022 | 47 513 133 224 105 Wait 102 | 6 56 1 28 11 Move 804 | 33 393 118 189 71 Hop . | . . . . . Pick Up 17 | 1 11 5 . . Fast Attach 9 | 6 2 . . 1 Attach 4 | . . . . 4 Detach 1 | . 1 . . . Swap 7 | 1 6 . . . Drop 8 | . 5 3 . . Fire 70 | . 39 6 7 18 Melee . | . . . . . Ram . | . . . . . Kick . | . . . . . Crush . | . . . . . Escape Stasis . | . . . . . Rewire . | . . . . . Trap . | . . . . . Miscellaneous . | . . . . . Route ------- -11/Scrapyard -10/Materials (discovered 3 exits: [*Mat x2] / [*Min]) -10/Mines -10/Subcaves -7/Recycling History --------- Turn | Location | Event 9 | -11/Scrapyard | Discovered new exit (range 15) 61 | -11/Scrapyard | Entered Materials 309 | -10/Materials | Build established: Mutant 464 | -10/Materials | Discovered new exit (range 13) 642 | -10/Materials | Discovered new exit (range 16) 767 | -10/Materials | Discovered new exit (range 7) 889 | -10/Materials | Entered Mines 915 | -10/Mines | Met a Derelict bent on vengeance 1041 | -10/Mines | Received a Rocket Launcher from a helpful Derelict 1091 | -10/Mines | Discovered new exit (range 7) 1101 | -10/Mines | Entered Subcaves 1438 | -10/Subcaves | Discovered new exit (range 10) 1453 | -10/Subcaves | Entered Recycling 1454 | -7/Recycling | Met a Zionite searching for Scraptown 1505 | -7/Recycling | Core integrity fell below 50% 1518 | -7/Recycling | Core integrity fell below 20% 1551 | -7/Recycling | Lost 5 parts (1p2n2w) 1657 | -7/Recycling | Destroyed by Y-54 Guardian with Gatling Laser Last Messages --------------- 01524_ R-06 Scavenger collects Imp. Heat Sink. 01525_ Acquired 57 matter. 01529_ R-06 Scavenger collects Imp. Light Armor Plating. 01532_ R-06 Scavenger collects Lgt. Treads. 01534_ R-06 Scavenger knocked back. 01534_ R-06 Scavenger destroyed. 01542_ Acquired 38 matter. 01551_ Acquired Lgt. Treads. 01552_ Acquired 10 matter. 01567_ R-06 Scavenger collects Imp. Light Armor Plating. 01571_ R-06 Scavenger collects Imp. Heat Sink. 01574_ R-06 Scavenger collects Sml. Storage Unit. 01578_ R-06 Scavenger collects Com. Wheel. 01584_ Acquired 7 matter. 01584_ R-06 Scavenger inserts Imp. Light Armor Plating into recycling unit. 01587_ R-06 Scavenger inserts Imp. Heat Sink into recycling unit. 01590_ R-06 Scavenger inserts Sml. Storage Unit into recycling unit. 01593_ R-06 Scavenger inserts Com. Wheel into recycling unit. 01654_ Y-54 Guardian springs to life. Map ----- +----------------------------------------------------+ | ?????????????????????????????????????????????????? | | ?????????????????????????????????????????????????? | | ?????????????????????????????????????????????????? | | ?????????????????????????????????????????????????? | | ?????????????????????????????????????????????????? | | ?????????????????????????????????????????????????? | | ???????????????????????????????##############????? | | ???????????????????????????????# ! #????? | | ???????????????????????????????#! ! ! #????? | | ???????????????????????????????# ! ! #????? | | ???????????????????????????????# ! #????? | | ???????????????????????????????# ! #????? | | ???????????????????????????????# #????? | | ???????????????????????????????# !#????? | | ???????????????????????????????# !! #????? | | ???????????????????????????????# ! #????? | | ???????????????????????????????#! #????? | | ???????????????????????????????#! #????? | | ???????????????????????????????# #????? | | ???????????????????????????????########+#####????? | | ????????????????????????????????????# #??????? | | ????????????????????????????????????# #??????? | | ????????????????????????????????????# #??????? | | ???????????????????????##?#####?????# #??????? | | ?????????????????#######Y## ####??# #??????? | | ?????????? r% @ #??## ##??????? | | ?????????????????###+###### ## #???# #???????? | | ??????????????????? #?###### ##### #???????? | | ??????????????????? #??????# ##??????? | | ??????????????????? ##?????####### #??????? | | ??????????????????? #???????????# ##??????? | | ??????????????????? ##???????????# #???????? | | ??????????????????? #????????????# #???????? | | ??????????????????? #????????????# #???????? | | ??????????????????? ##?########### ##??????? | | ??????????????????? #?# #% #??????? | | ???????????????????#######?# % " ##??????? | | ???????????????????????????# """ # #???????? | | ???????????????????????????# """ % %# % ###?????? | | ???????????????????????????# """ %%+ ""#?????? | | ???????????????????????????# "T" # Y"#?????? | | ???????????????????????????# """ # ""#?????? | | ???????????????????????????# # ###?????? | | ???????????????????????????########### #???????? | | ?????????????????????????????????????# #???????? | | ?????????????????????????????????????#####???????? | | ?????????????????????????????????????????????????? | | ?????????????????????????????????????????????????? | | ?????????????????????????????????????????????????? | | ?????????????????????????????????????????????????? | +----------------------------------------------------+ Best States ------------- Heat Dissipation 25 Energy Generation 10 Energy Capacity 250 Matter Stores 300 Matter Capacity 300 Sight Range 16 Terrain Scan Density 10 Evasion (%) 50 Targeting Accuracy 5 Recoil Reduction 2 Item Schematics ----------------- None Robot Schematics ------------------ None Fabricated ------------ Nothing Repaired ---------- Nothing Studied --------- None Alien Tech Used ----------------- None Achievements -------------- None Challenges ------------ None Game ------ Seed CargoPitchforkAutohacker Manual? 0 Play Time 00:09:28 Cumulative 265.2 hours Start 2026.08.21 @ 19:26:00 End 2026.08.21 @ 19:34:08 Sessions 1 Manual Loads 0 Difficulty Rogue Special Mode None Game No. 461 Rogue 298 Adventurer 15 Explorer 148 Win Type - Total 30 Types 29/0/0/1/0/0/0/0/0/0 Lore% 65 Gallery% 65 Achievement% 58 Wizard Run 0 Options --------- Layout 0 ASCII 0 Keyboard 1 Movement Numpad Keybinds 0 Fullscreen 2 Font 18/SmallcapsGlow Map View 76x50 Zoom Use 0% Tactical HUD 1 Map Filters NONE Filters NONE Steam 1 RUN: a7f250b3-d001-46d4-be44-2ac105984f34